BSA
SPRINGFIELD STARS @ VISTA PANTHERS
04/10/2026
 
TOP OF THE 1ST
Springfield Stars batting - Pitching for Vista Panthers : LHP Li-xue Si-ma
Pitching: LHP Li-xue Si-ma
Batting: RHB Norberto Taváres 0-0: Ball
1-0: Swinging Strike
1-1: Swinging Strike
1-2: Fly out, F9 (Line Drive, 9M)
Batting: RHB Calvin Bennett 0-0: Foul Ball, location: 2F
0-1: Ball
1-1: Foul Ball, location: 2F
1-2: Ground out 5-3 (Groundball, 5L)
Batting: LHB Derek Davidson 0-0: Ground out 4-3 (Groundball, 4M)
Top of the 1st over - 0 run(s), 0 hit(s), 0 error(s), 0 left on base; Springfield 0 - Vista 0
BOTTOM OF THE 1ST
Vista Panthers batting - Pitching for Springfield Stars : RHP Hyo-chin Ch'oe
Pitching: RHP Hyo-chin Ch'oe
Batting: RHB Shizue Chouda 0-0: Ball
1-0: Ball
2-0: Ball
3-0: Base on Balls
Batting: LHB Jesús González 0-0: Foul Ball, location: 2F
0-1: Ball
1-1: Swinging Strike
1-2: Ball
2-2: Strikes out swinging
Batting: LHB Bob Cunningham 0-0: Ball
1-0: Ball
2-0: Ball
3-0: Base on Balls
Shizue Chouda to second
Batting: SHB Mark Wells 0-0: Ball
1-0: Ball
2-0: Fly out, F7 (Flyball, 7LM)
Batting: RHB Roberto Cruz 0-0: Ball
1-0: Foul Ball, location: 2F
1-1: Called Strike
1-2: 3-RUN HOME RUN (Flyball, 7D), Distance : 437 ft
Batting: RHB Javier Deleón 0-0: Swinging Strike
0-1: Ball
1-1: Ball
2-1: Called Strike
2-2: Ball
3-2: Base on Balls
Batting: LHB Brent Alonzo 0-0: Called Strike
0-1: Called Strike
0-2: Ball
Javier Deleón is caught stealing 2nd base
Bottom of the 1st over - 3 run(s), 1 hit(s), 0 error(s), 0 left on base; Springfield 0 - Vista 3
TOP OF THE 2ND
Springfield Stars batting - Pitching for Vista Panthers : LHP Li-xue Si-ma
Batting: LHB Felipe Guerrero 0-0: Swinging Strike
0-1: Foul Ball, location: 2F
0-2: Ball
1-2: Ball
2-2: Ball
3-2: Strikes out swinging
Batting: RHB Juan Rodríguez 0-0: Ground out 6-3 (Groundball, 6)
Batting: RHB Juan Carlos Rodríguez 0-0: Ground out 6-3 (Groundball, 6)
Top of the 2nd over - 0 run(s), 0 hit(s), 0 error(s), 0 left on base; Springfield 0 - Vista 3
BOTTOM OF THE 2ND
Vista Panthers batting - Pitching for Springfield Stars : RHP Hyo-chin Ch'oe
Batting: LHB Brent Alonzo 0-0: Ball
1-0: Ball
2-0: Ball
3-0: Base on Balls
Batting: RHB Cisco Gatán 0-0: Foul Ball, location: 2F
0-1: Ball
1-1: Ball
2-1: Foul Ball, location: 2F
2-2: DOUBLE (Line Drive, 78M)
Brent Alonzo to third
Batting: RHB Wilson López 0-0: SINGLE (Line Drive, 89S)
Brent Alonzo scores
Cisco Gatán to third
Batting: RHB Shizue Chouda 0-0: Foul Ball, location: 2F
0-1: Called Strike
0-2: Ball
1-2: Ground out 3-1 (Groundball, 34)
Cisco Gatán scores
Wilson López to second
Batting: LHB Jesús González 0-0: Ball
1-0: Called Strike
1-1: Ball
2-1: Called Strike
2-2: Strikes out swinging
Batting: LHB Bob Cunningham 0-0: Ball
1-0: Called Strike
1-1: Swinging Strike
1-2: Ball
2-2: Fly out, F8 (Line Drive, 8RXD)
Bottom of the 2nd over - 2 run(s), 2 hit(s), 0 error(s), 1 left on base; Springfield 0 - Vista 5
TOP OF THE 3RD
Springfield Stars batting - Pitching for Vista Panthers : LHP Li-xue Si-ma
Batting: SHB Shane Hutchinson 0-0: Called Strike
0-1: Foul Ball, location: 2F
0-2: Ball
1-2: Ball
2-2: Foul Ball, location: 2F
2-2: SOLO HOME RUN (Flyball, 78XD), Distance : 409 ft
Batting: RHB Alberto Campos 0-0: Called Strike
0-1: Fly out, F4 (Popup, 4)
Batting: LHB Jesús Tobías 0-0: Ball
1-0: Ball
2-0: Called Strike
2-1: Ball
3-1: Foul Ball, location: 2F
3-2: Foul Ball, location: 2F
3-2: Fly out, F8 (Line Drive, 89XD)
Batting: RHB Norberto Taváres 0-0: Called Strike
0-1: Foul Ball, location: 2F
0-2: Ball
1-2: Strikes out swinging
Top of the 3rd over - 1 run(s), 1 hit(s), 0 error(s), 0 left on base; Springfield 1 - Vista 5
BOTTOM OF THE 3RD
Vista Panthers batting - Pitching for Springfield Stars : RHP Hyo-chin Ch'oe
Batting: SHB Mark Wells 0-0: Fly out, F5 (Popup, 5L)
Batting: RHB Roberto Cruz 0-0: Ball
1-0: Ball
2-0: Foul Ball, location: 2F
2-1: Ball
3-1: Base on Balls
Batting: RHB Javier Deleón 0-0: SINGLE (Groundball, 6MD) (infield hit)
Roberto Cruz to second
Batting: LHB Brent Alonzo 0-0: Called Strike
0-1: Foul Ball, location: 2F
0-2: Ball
1-2: Foul Ball, location: 2F
1-2: Ball
2-2: Ball
3-2: Foul Ball, location: 2F
3-2: Base on Balls
Roberto Cruz to third
Javier Deleón to second
Batting: RHB Cisco Gatán 0-0: Swinging Strike
0-1: Called Strike
0-2: Strikes out swinging
Batting: RHB Wilson López 0-0: Ball
1-0: Called Strike
1-1: Ball
2-1: Ball
3-1: Base on Balls
Roberto Cruz scores
Javier Deleón to third
Brent Alonzo to second
Batting: RHB Shizue Chouda 0-0: Foul Ball, location: 2F
0-1: Swinging Strike
0-2: Foul Ball, location: 2F
0-2: Ball
1-2: Foul Ball, location: 2F
1-2: Foul Ball, location: 2F
1-2: Ball
2-2: Foul Ball, location: 2F
2-2: Foul Ball, location: 2F
2-2: Fly out, F8 (Flyball, 8RD)
Bottom of the 3rd over - 1 run(s), 1 hit(s), 0 error(s), 3 left on base; Springfield 1 - Vista 6
TOP OF THE 4TH
Springfield Stars batting - Pitching for Vista Panthers : LHP Li-xue Si-ma
Batting: RHB Calvin Bennett 0-0: Called Strike
0-1: Swinging Strike
0-2: Ball
1-2: Foul Ball, location: 2F
1-2: Ball
2-2: Strikes out swinging, 2-3 out at first.
Batting: LHB Derek Davidson 0-0: Ball
1-0: Called Strike
1-1: Ball
2-1: Fly out, F8 (Flyball, 8RXD)
Batting: LHB Felipe Guerrero 0-0: Ball
1-0: Ball
2-0: Called Strike
2-1: Ball
3-1: Base on Balls
Batting: RHB Juan Rodríguez 0-0: Called Strike
0-1: Ball
1-1: Fly out, F9 (Flyball, 9S)
Top of the 4th over - 0 run(s), 0 hit(s), 0 error(s), 1 left on base; Springfield 1 - Vista 6
BOTTOM OF THE 4TH
Vista Panthers batting - Pitching for Springfield Stars : RHP Hyo-chin Ch'oe
Pitching: LHP Jorge Aybar
Batting: LHB Jesús González 0-0: Ball
1-0: Swinging Strike
1-1: Ground out 4-3 (Groundball, 4)
Batting: LHB Bob Cunningham 0-0: Called Strike
0-1: Called Strike
0-2: Strikes out swinging
Batting: SHB Mark Wells 0-0: Fly out, F8 (Line Drive, 8LXD)
Bottom of the 4th over - 0 run(s), 0 hit(s), 0 error(s), 0 left on base; Springfield 1 - Vista 6
TOP OF THE 5TH
Springfield Stars batting - Pitching for Vista Panthers : LHP Li-xue Si-ma
Batting: RHB Juan Carlos Rodríguez 0-0: Called Strike
0-1: Ground out 5-3 (Groundball, 5L)
Batting: SHB Shane Hutchinson 0-0: Ground out 6-3 (Groundball, 6)
Batting: RHB Alberto Campos 0-0: Called Strike
0-1: Swinging Strike
0-2: Ball
1-2: Ground out 4-3 (Groundball, 4)
Top of the 5th over - 0 run(s), 0 hit(s), 0 error(s), 0 left on base; Springfield 1 - Vista 6
BOTTOM OF THE 5TH
Vista Panthers batting - Pitching for Springfield Stars : LHP Jorge Aybar
Batting: RHB Roberto Cruz 0-0: Fly out, F7 (Line Drive, 7M)
Batting: RHB Javier Deleón 0-0: Called Strike
0-1: Foul Ball, location: 2F
0-2: Ball
1-2: Ball
2-2: Foul Ball, location: 2F
2-2: Fly out, F8 (Line Drive, 8LM)
Batting: LHB Brent Alonzo 0-0: Ball
1-0: Ball
2-0: Ball
3-0: Called Strike
3-1: Ground out 5-3 (Groundball, 5)
Bottom of the 5th over - 0 run(s), 0 hit(s), 0 error(s), 0 left on base; Springfield 1 - Vista 6
TOP OF THE 6TH
Springfield Stars batting - Pitching for Vista Panthers : LHP Li-xue Si-ma
Batting: LHB Jesús Tobías 0-0: SINGLE (Line Drive, 8RS)
Batting: RHB Norberto Taváres 0-0: Called Strike
0-1: Foul Ball, location: 2F
0-2: Ball
1-2: Ball
2-2: Foul Ball, location: 2F
2-2: Foul Ball, location: 2F
2-2: Ball
3-2: DOUBLE (Line Drive, 5D)
Jesús Tobías to third
Batting: RHB Calvin Bennett 0-0: Called Strike
0-1: Ball
1-1: Foul Ball, location: 2F
1-2: Strikes out looking
Batting: LHB Derek Davidson 0-0: Ball
1-0: Ball
2-0: Called Strike
2-1: Fly out, F8 (Flyball, 8RD)
Runner from 3rd tags up, SCORES, no throw
Norberto Taváres to third
Batting: LHB Felipe Guerrero 0-0: Called Strike
0-1: Ball
1-1: Ball
2-1: Ball
3-1: Called Strike
3-2: Foul Ball, location: 2F
3-2: SINGLE (Flyball, 7S)
Norberto Taváres scores
Batting: RHB Juan Rodríguez 0-0: Called Strike
0-1: Ball
1-1: Ball
2-1: Called Strike
2-2: Ground out 5-3 (Groundball, 5)
Top of the 6th over - 2 run(s), 3 hit(s), 0 error(s), 1 left on base; Springfield 3 - Vista 6
BOTTOM OF THE 6TH
Vista Panthers batting - Pitching for Springfield Stars : LHP Jorge Aybar
Batting: RHB Cisco Gatán 0-0: Called Strike
0-1: Ground out 4-3 (Groundball, 4)
Batting: RHB Wilson López 0-0: Called Strike
0-1: Ball
1-1: Ball
2-1: Swinging Strike
2-2: SINGLE (Line Drive, 8LS)
Batting: RHB Shizue Chouda 0-0: Called Strike
0-1: Ball
1-1: Grounds into double play, U4-3 (Groundball, 4M)
Bottom of the 6th over - 0 run(s), 1 hit(s), 0 error(s), 0 left on base; Springfield 3 - Vista 6
TOP OF THE 7TH
Springfield Stars batting - Pitching for Vista Panthers : LHP Li-xue Si-ma
Now at 3B: Francisco Marino
Batting: RHB Juan Carlos Rodríguez 0-0: Ground out 6-3 (Groundball, 6)
Batting: SHB Shane Hutchinson 0-0: Ball
1-0: Ball
2-0: Called Strike
2-1: Ground out 5-3 (Groundball, 5S)
Batting: RHB Alberto Campos 0-0: Ball
1-0: Called Strike
1-1: Ball
2-1: Called Strike
2-2: Ball
3-2: Strikes out swinging
Top of the 7th over - 0 run(s), 0 hit(s), 0 error(s), 0 left on base; Springfield 3 - Vista 6
BOTTOM OF THE 7TH
Vista Panthers batting - Pitching for Springfield Stars : LHP Jorge Aybar
Batting: LHB Jesús González 0-0: Ball
1-0: Ball
2-0: Fly out, F7 (Flyball, 78XD)
Batting: LHB Bob Cunningham 0-0: Foul Ball, location: 2F
0-1: Swinging Strike
0-2: Ground out 5-3 (Groundball, 56S)
Batting: SHB Mark Wells 0-0: Ball
1-0: Ball
2-0: SOLO HOME RUN (Flyball, 7D), Distance : 427 ft
Batting: RHB Roberto Cruz 0-0: Called Strike
0-1: Called Strike
0-2: Fly out, F7 (Flyball, 7D)
Bottom of the 7th over - 1 run(s), 1 hit(s), 0 error(s), 0 left on base; Springfield 3 - Vista 7
TOP OF THE 8TH
Springfield Stars batting - Pitching for Vista Panthers : LHP Li-xue Si-ma
Pitching: LHP John Whitaker
Batting: LHB Jesús Tobías 0-0: Ball
1-0: Ball
2-0: Foul Ball, location: 2F
2-1: Ball
3-1: Called Strike
3-2: Foul Ball, location: 2F
3-2: Foul Ball, location: 2F
3-2: Foul Ball, location: 2F
3-2: SINGLE (Flyball, 9S)
Batting: RHB Norberto Taváres 0-0: Foul Ball, location: 2F
0-1: SINGLE (Groundball, 56D) (infield hit)
Jesús Tobías to second
Pitching: RHP José Betancourt
Batting: RHB Calvin Bennett 0-0: Foul Ball, location: 2F
0-1: Ball
1-1: Ball
2-1: DOUBLE (Flyball, 9LM)
Jesús Tobías scores
Norberto Taváres to third
Runner from 3rd tries for Home, throw and OUT!
Calvin Bennett to third
Pitching: LHP Mario Tobías
Batting: LHB Derek Davidson 0-0: Called Strike
0-1: Swinging Strike
0-2: Ball
1-2: Foul Ball, location: 2F
1-2: SINGLE (Groundball, 4MD)
Calvin Bennett scores
Batting: LHB Felipe Guerrero 0-0: Ball
1-0: Ball
2-0: Ground out U3 (Groundball, 3S)
Derek Davidson to second
Pitching: RHP Esteban Gonzáles
Batting: RHB Juan Rodríguez 0-0: Ball
1-0: Ground out 6-3 (Groundball, 6)
Top of the 8th over - 2 run(s), 4 hit(s), 0 error(s), 1 left on base; Springfield 5 - Vista 7
BOTTOM OF THE 8TH
Vista Panthers batting - Pitching for Springfield Stars : LHP Jorge Aybar
Pitching: RHP José Valdéz
Batting: RHB Javier Deleón 0-0: Called Strike
0-1: Called Strike
0-2: Ball
1-2: Foul Ball, location: 2F
1-2: Foul Ball, location: 2F
1-2: Foul Ball, location: 2F
1-2: Strikes out swinging
Batting: LHB Brent Alonzo 0-0: Ball
1-0: SINGLE (Line Drive, 9LS)
Batting: RHB Cisco Gatán 0-0: Ball
1-0: Ball
2-0: Ball
3-0: Foul Ball, location: 2F
3-1: Swinging Strike
3-2: Strikes out looking
Brent Alonzo is caught stealing 2nd base
Batter strikes out.
Bottom of the 8th over - 0 run(s), 1 hit(s), 0 error(s), 0 left on base; Springfield 5 - Vista 7
TOP OF THE 9TH
Springfield Stars batting - Pitching for Vista Panthers : RHP Esteban Gonzáles
Pitching: RHP António López
Now in RF: John Mendelson
Batting: RHB Juan Carlos Rodríguez 0-0: Fly out, F9 (Flyball, 9D)
Batting: SHB Shane Hutchinson 0-0: Called Strike
0-1: Swinging Strike
0-2: Ball
1-2: Foul Ball, location: 2F
1-2: SINGLE (Line Drive, 6D)
Pinch Hitting: LHB Elliott Newell 0-0: Ball
1-0: Called Strike
1-1: Ball
2-1: 2-RUN HOME RUN (Flyball, 9D), Distance : 385 ft
Batting: LHB Jesús Tobías 0-0: Ball
1-0: Ball
2-0: Ball
3-0: Called Strike
3-1: Called Strike
3-2: Base on Balls
Batting: RHB Norberto Taváres 0-0: Foul Ball, location: 2F
0-1: Ball
1-1: Foul Ball, location: 2F
1-2: Foul Ball, location: 2F
1-2: Ball
2-2: Foul Ball, location: 2F
2-2: Fielders Choice at 2nd, 4-6 (Groundball, 4M)
Batting: RHB Calvin Bennett 0-0: Ball
1-0: Swinging Strike
1-1: 2-RUN HOME RUN (Line Drive, 7D), Distance : 431 ft
Pitching: LHP Tomiji Takuda
Batting: LHB Derek Davidson 0-0: Foul Ball, location: 2F
0-1: Foul Ball, location: 2F
0-2: DOUBLE (Flyball, 9LS)
Batting: LHB Felipe Guerrero 0-0: Ball
1-0: Called Strike
1-1: Foul Ball, location: 2F
1-2: Foul Ball, location: 2F
1-2: Foul Ball, location: 2F
1-2: SINGLE (Groundball, 5D)
Derek Davidson to third
Runner from 3rd tries for Home, SAFE, no throw or cutoff
Batting: RHB Juan Rodríguez 0-0: Ball
1-0: Swinging Strike
1-1: Ball
2-1: Foul Ball, location: 2F
2-2: Fielders Choice at 2nd, U6 (Groundball, 6M)
Top of the 9th over - 5 run(s), 5 hit(s), 0 error(s), 1 left on base; Springfield 10 - Vista 7
BOTTOM OF THE 9TH
Vista Panthers batting - Pitching for Springfield Stars : RHP José Valdéz
Pitching: RHP Jorge Delgado
Now at C: Bryan Sandstrom
Batting: LHB Francisco Marino 0-0: Ball
1-0: Ball
2-0: Ball
3-0: Called Strike
3-1: SINGLE (Groundball, 3D)
Batting: RHB John Mendelson 0-0: Called Strike
0-1: Ball
1-1: Ball
2-1: Ball
3-1: Base on Balls
Francisco Marino to second
Batting: LHB Jesús González 0-0: Ball
1-0: Called Strike
1-1: Ball
2-1: Swinging Strike
2-2: Ball
3-2: SINGLE (Groundball, 34D)
Francisco Marino to third
John Mendelson to second
Runner from 3rd tries for Home, SAFE, no throw or cutoff
Batting: LHB Bob Cunningham 0-0: Ball
1-0: Ball
2-0: Called Strike
2-1: Foul Ball, location: 2F
2-2: Strikes out swinging
Batting: SHB Mark Wells 0-0: Called Strike
0-1: Ball
1-1: Ball
2-1: Foul Ball, location: 2F
2-2: Strikes out swinging
Batting: RHB Roberto Cruz 0-0: Swinging Strike
0-1: Swinging Strike
0-2: Ball
1-2: Fly out, F5 (Line Drive, 5)
Bottom of the 9th over - 1 run(s), 2 hit(s), 0 error(s), 2 left on base; Springfield 10 - Vista 8
Monday, December 5th, 2016 - OOTP Baseball 17.12 Build 75